Map: Traitor's Exile

Players

BlueHawk

  • Race: Terran Terran
  • League: Silver
  • Spawn Location: 9:00

rod

  • Race: Terran Terran
  • Spawn Location: 12:00

fortes - Winner!

  • Race: Zerg Zerg
  • League: Silver
  • Spawn Location: 5:00

DarkTemplar

  • Race: Protoss Protoss
  • League: Silver
  • Spawn Location: 6:00

VOD

Have the link to the VOD?

Description

Time

  • Played on: Nov. 2, 2018, 7:09 p.m.
  • Length: 29:33
Show
View Real Time Build Order
Export as new Build Order

BlueHawk Terran 

Build Orders:  

Get SALT Encoding   

  12  0:01  SCV  
  13  0:13  SCV  
  14  0:20  Supply Depot  
  14  0:27  SCV  
  15  0:40  Supply Depot  
  15  0:42  SCV  
  16  0:50  Barracks  
  16  0:55  SCV  
  17  1:09  Supply Depot  
  17  1:11  SCV  
  18  1:25  SCV  
  19  1:40  Bunker  
  19  1:42  Barracks  
  19  1:48  Marine  
  19  1:51  Barracks  
  20  1:54  Orbital Command  
  20  2:05  Refinery  
  20  2:08  Refinery  
  20  2:16  Marine  
  20  2:20  SCV  
  22  2:34  Marine  
  23  2:38  SCV  
  24  2:47  Command Center  
  24  2:52  Marine x2  
  24  2:53  Marine  
  28  3:05  SCV  
  28  3:12  Barracks Tech Lab  
  28  3:14  Barracks Reactor  
  28  3:15  Barracks Reactor  
  28  3:25  SCV  
  29  3:36  Factory  
  29  3:41  Stimpack  
  29  3:42  SCV  
  29  3:43  Marine  
  31  3:58  Marine x4  
  31  3:59  SCV  
  31  4:01  Orbital Command  
  35  4:11  SCV  
  36  4:20  Engineering Bay  
  36  4:22  Marine x2  
  36  4:23  Engineering Bay  
  36  4:24  SCV  
  39  4:30  SCV  
  40  4:32  Marine  
  40  4:35  Marine  
  42  4:45  Starport  
  42  4:46  Factory Reactor  
  42  4:48  Marine x3  
  42  4:51  SCV  
  46  4:53  Marine  
  46  4:55  Marine  
  48  5:03  Missile Turret  
  48  5:04  SCV x2  
  50  5:11  Supply Depot  
  50  5:14  Supply Depot, Marine  
  51  5:26  SCV x2  
  53  5:33  Marine x4  
  53  5:34  Marine  
  58  5:38  SCV  
  59  5:47  Orbital Command  
  60  5:50  SCV  
  60  5:51  Marine  
  60  5:53  Factory Tech Lab  
  61  6:04  SCV, Marine x2  
  62  6:05  Marine x2  
  66  6:16  SCV  
  61  6:22  SCV  
  61  6:23  Marine x3  
  61  6:25  Medivac x2  
  68  6:36  Marine  
  68  6:37  SCV  
  70  6:45  Supply Depot x2  
  70  6:46  Supply Depot  
  70  7:06  Marine x4  
  70  7:07  SCV x2, Siege Tank  
  79  7:19  SCV x2  
  74  7:53  Marine x5  
  79  8:04  SCV x2  
  81  8:16  SCV  
  82  8:25  Liberator x2  
  69  8:38  Marine x3  
  69  8:39  Marine x2  
  69  8:41  Siege Tank  
  77  8:47  SCV x2  
  85  8:56  Marine  
  85  9:01  Marine x4  
  90  9:03  Terran Infantry Weapons Level 1  
  90  9:04  Terran Infantry Armor Level 1  
  90  9:14  Marine  
  90  9:15  Armory  
  90  9:16  SCV x2, Starport  
  93  9:17  Starport  
  93  9:18  Marine  
  94  10:20  Marine x3  
  94  10:37  SCV x2, Marine  
  94  10:56  Supply Depot x2  
  94  10:58  Supply Depot x2  
  94  11:00  Liberator x2  
  94  11:02  Command Center  
  94  11:17  Siege Tank, Marine x5  
  108  11:27  Supply Depot x2  
  108  11:29  Supply Depot  
  108  11:32  Supply Depot  
  108  11:35  Marine x3  
  108  11:36  Marine  
  110  11:43  Liberator x2  
  110  11:46  Terran Infantry Armor Level 2, Terran Infantry Weapons Level 2  
  97  12:02  Marine  
  68  12:50  Marine x2  
  68  12:51  Marine x3  
  69  13:08  Marine x3  
  69  13:09  Marine x2  
  74  13:26  Marine x3  
  77  13:32  Marine x2  
  79  13:44  Marine  
  80  13:53  Command Center  
  80  14:00  SCV  
  80  14:02  Marine  
  81  14:05  Marine x4  
  86  14:18  Siege Tank  
  86  14:20  Medivac x2, Marine  
  94  14:29  Refinery  
  94  14:32  Refinery  
  94  14:39  Refinery  
  94  14:42  Refinery  
  94  14:48  SCV  
  94  14:49  Marine x2  
  94  14:50  Marine x3  
  94  14:51  Siege Tank  
  103  14:53  Medivac  
  105  15:03  Sensor Tower  
  105  15:05  SCV x2  
  105  15:18  Marine  
  105  15:20  Marine x3  
  109  15:22  Medivac  
  109  15:23  Siege Tank  
  114  15:31  Barracks  
  83  16:25  Marine x2  
  77  16:26  Marine x2  
  78  16:37  SCV  
  78  16:38  SCV x2, Marine  
  82  16:43  Marine x3  
  82  16:44  Marine  
  82  16:56  Siege Tank, Marine  
  82  17:01  Marine  
  84  17:17  SCV  
  85  17:27  Barracks Tech Lab  
  85  17:28  Ghost Academy  
  85  17:29  Ghost Academy  
  84  17:30  Ghost Academy  
  84  17:34  Marine x3  
  84  17:35  Marine x2  
  89  17:46  Missile Turret  
  89  17:47  SCV  
  89  17:48  SCV  
  91  18:02  Ghost x2  
  95  18:06  Missile Turret  
  95  18:09  SCV  
  95  18:27  Marine x3  
  95  18:28  Missile Turret, Marine  
  95  18:30  Siege Tank  
  95  18:31  Medivac x2, Marine x2  
  108  18:44  Personal Cloaking  
  108  18:45  Nuke x2  
  108  18:54  Orbital Command  
  107  19:06  Marine x3  
  107  19:07  Ghost  
  107  19:08  Ghost  
  107  19:09  Siege Tank  
  117  19:10  Medivac x2  
  117  19:11  Marine  
  122  19:23  Starport Tech Lab x2  
  122  19:24  Marine  
  122  19:25  SCV  
  122  19:26  SCV  
  122  19:28  Marine x2  
  125  19:45  Banshee x2  
  127  19:48  Cloaking Field  
  125  20:10  Nuke  
  123  20:44  Nuke  
  123  20:46  Marine x6  
  123  20:47  Siege Tank  
  132  21:06  Medivac  
  132  21:08  Marine  
  133  21:31  Marine  
  133  21:50  Terran Infantry Weapons Level 3  
  133  21:51  Nuke x2  
  133  22:02  Marine  
  133  22:04  Marine  
  133  22:37  Supply Depot  
  133  22:38  Supply Depot  
  133  22:40  Supply Depot  
  133  22:43  Supply Depot, Nuke  
  133  22:44  Supply Depot  
  133  22:45  Supply Depot  
  133  22:46  Supply Depot x2  
  133  22:54  SCV, Marine  
  133  22:55  SCV x2, Marine  
  133  22:56  Medivac, Marine  
  133  22:58  Medivac, Marine  
  133  22:59  Siege Tank, Medivac, Marine x2  
  114  23:12  Marine  
  106  23:13  Marine x2  
  106  23:14  Nuke x2  
  106  23:16  Marine x2  
  106  23:17  Marine  
  98  23:30  Marine  
  98  23:31  Marine x2  
  98  23:33  Marine  
  98  23:34  Marine x2  
  98  23:36  SCV x3  
  98  23:39  Siege Tank  
  106  23:48  SCV, Marine  
  107  23:49  Marine x2  
  107  23:51  Marine  
  107  23:52  Marine x2  
  113  24:04  Medivac  
  113  24:06  Marine  
  113  24:07  Marine x2  
  113  24:09  Marine  
  119  24:10  Marine x2  
  121  24:26  SCV x2  
  123  24:33  Refinery, Marine x4  
  123  24:34  Marine x2  
  123  24:35  Siege Tank  
  132  24:51  Marine  
  133  25:04  Marine x2  
  133  25:05  Marine x3  
  133  25:06  Medivac x2  
  142  25:09  Marine  
  124  25:22  Marine  
  107  25:42  Ghost  
  22  26:38  Marine  
  22  26:39  Marine x4  
  19  26:56  Marine x2  
  19  26:57  Marine x2  
Show
View Real Time Build Order
Export as new Build Order

rod Terran 

Build Orders:  

Get SALT Encoding   

  12  0:01  SCV  
  13  0:15  Supply Depot  
  13  0:21  SCV  
  14  0:33  SCV  
  15  0:43  Barracks  
  15  0:45  SCV  
  16  0:57  SCV  
  16  1:02  Refinery  
  17  1:10  Supply Depot  
  17  1:16  SCV  
  18  1:29  Marine  
  19  1:41  Refinery  
  19  1:46  Barracks  
  19  1:47  Marine  
  20  1:59  SCV  
  21  2:05  Marine  
  22  2:11  SCV  
  23  2:23  SCV, Marine  
  25  2:35  SCV  
  26  2:41  Marine  
  27  2:44  Factory  
  27  2:48  Orbital Command  
  27  2:59  Marine  
  28  3:11  Supply Depot  
  28  3:17  SCV  
  29  3:34  Supply Depot  
  29  3:36  SCV  
  29  3:38  Command Center  
  31  3:43  Barracks Reactor  
  31  3:46  Barracks Tech Lab  
  31  3:48  SCV  
  31  3:50  Factory Tech Lab  
  31  3:57  Supply Depot  
  31  4:07  Starport  
  31  4:17  Siege Tank  
  31  4:20  Supply Depot  
  31  4:22  Marine x2  
  31  4:23  Marine  
  37  4:25  Stimpack  
  37  4:30  SCV  
  38  4:40  Supply Depot, Marine  
  38  4:42  SCV  
  40  4:54  SCV  
  40  4:59  Orbital Command  
  41  5:05  Supply Depot  
  41  5:17  Siege Tank  
  44  5:28  Engineering Bay  
  44  5:30  Supply Depot  
  44  5:31  SCV  
  45  5:41  Refinery  
  45  5:43  SCV, Marine x3  
  49  5:55  SCV  
  50  6:00  Marine  
  50  6:03  Command Center  
  51  6:07  SCV  
  52  6:19  SCV  
  53  6:28  Marine x3  
  56  6:36  Siege Tank  
  56  6:39  SCV  
  60  6:45  Refinery, Marine  
  60  6:46  Marine x2  
  63  6:50  Terran Infantry Weapons Level 1  
  63  6:52  SCV  
  64  6:58  Engineering Bay  
  64  7:03  Marine x2  
  64  7:04  Marine  
  67  7:12  SCV x2  
  69  7:21  Marine x3  
  68  7:23  Engineering Bay  
  68  7:24  SCV x2  
  64  7:36  SCV x2  
  65  7:38  Terran Infantry Armor Level 1  
  65  7:39  Marine x3  
  68  7:47  Viking  
  70  7:56  Supply Depot  
  70  7:57  Marine  
  71  8:01  Missile Turret  
  71  8:06  Marine x2  
  71  8:09  Combat Shield  
  71  8:12  SCV  
  74  8:15  Marine  
  74  8:17  Viking  
  77  8:23  Planetary Fortress  
  77  8:24  SCV, Marine x2  
  77  8:33  Marine  
  78  8:36  SCV  
  79  8:45  Missile Turret  
  79  8:48  SCV  
  80  8:58  SCV  
  80  9:00  SCV  
  82  9:06  Missile Turret  
  82  9:09  Armory  
  82  9:10  SCV, Marine x3  
  82  9:12  SCV  
  82  9:13  Medivac  
  89  9:22  SCV  
  89  9:23  Siege Tank  
  93  9:24  SCV  
  93  9:28  Missile Turret, Marine x3  
  97  9:34  SCV  
  97  9:36  SCV  
  99  9:41  Supply Depot  
  99  9:43  Medivac  
  100  9:45  Marine x2  
  100  9:46  Marine  
  100  9:49  Supply Depot  
  97  9:55  Siege Tank  
  100  10:06  Supply Depot  
  100  10:12  Supply Depot  
  99  10:26  SCV x2  
  95  10:34  Supply Depot  
  90  10:38  SCV x2, Siege Tank  
  90  10:40  Marine x2  
  90  10:41  Marine  
  95  10:48  SCV  
  96  10:50  SCV  
  96  10:57  Supply Depot  
  97  10:58  Marine x3  
  97  10:59  Refinery  
  97  11:00  SCV  
  97  11:02  Terran Infantry Weapons Level 2  
  97  11:03  Terran Infantry Armor Level 2  
  101  11:10  Siege Tank  
  101  11:11  Hi-Sec Auto Tracking  
  104  11:12  SCV  
  104  11:16  Marine x3  
  108  11:34  Marine x3  
  111  11:42  Siege Tank  
  114  11:52  Marine x3  
  100  12:09  Marine  
  100  12:10  Marine x2  
  100  12:14  Thor  
  92  12:27  Marine  
  85  12:48  Marine x3  
  88  12:53  SCV  
  88  12:57  Siege Tank  
  92  13:04  SCV  
  92  13:05  SCV  
  94  13:06  Marine x3  
  94  13:09  Refinery  
  97  13:16  SCV  
  97  13:17  SCV  
  99  13:23  Marine x2  
  99  13:24  Marine  
  102  13:29  SCV x2, Siege Tank  
  107  13:41  SCV x2, Marine x3, Barracks  
  112  13:53  SCV x2  
  114  13:59  Marine x3  
  114  14:01  Siege Tank  
  120  14:06  SCV  
  121  14:17  Marine x3  
  121  14:18  SCV  
  121  14:19  SCV  
  121  14:24  Sensor Tower  
  126  14:30  SCV, Barracks  
  128  14:31  SCV  
  128  14:33  Siege Tank  
  128  14:35  Marine x3  
  134  14:42  SCV  
  134  14:44  Barracks  
  134  14:52  Marine  
  134  14:53  Marine x2  
  129  15:11  Terran Infantry Weapons Level 3  
  129  15:12  Terran Infantry Armor Level 3  
  101  15:27  Thor  
  92  15:48  Terran Vehicle Weapons Level 1  
  92  15:51  Structure Armor  
  92  15:54  Medivac  
  91  16:00  Barracks  
  91  16:24  Medivac  
  92  16:48  Barracks  
  92  16:54  Medivac  
  94  17:24  Marine  
  94  17:25  Marine x2  
  97  17:30  Siege Tank  
  97  17:34  Medivac  
  102  17:42  Marine x2  
  102  17:43  Marine  
  105  18:00  Marine x3  
  105  18:02  Siege Tank  
  111  18:11  Sensor Tower  
  111  18:18  Marine x3  
  113  18:34  Siege Tank  
  113  18:36  Marine x3  
  119  18:51  Viking  
  119  18:53  Marine  
  122  18:58  Command Center  
  122  19:06  Siege Tank  
  125  19:10  Command Center  
  125  19:16  Thor  
  125  19:22  Missile Turret  
  125  19:38  Siege Tank  
  125  19:44  Missile Turret  
  128  19:49  Marine x3  
  131  20:07  Marine x3  
  131  20:09  Missile Turret  
  134  20:24  Marine x2  
  134  20:25  Marine  
  131  20:35  Viking  
  98  20:42  Marine  
  97  20:43  Marine  
  73  20:59  SCV  
  73  21:00  Marine  
  68  21:05  SCV, Viking  
  72  21:11  SCV  
  72  21:16  Refinery  
  72  21:17  SCV  
  66  21:18  Refinery  
  66  21:23  SCV  
  63  21:30  SCV  
  57  21:35  SCV  
  57  21:37  Factory  
  57  21:39  Barracks  
  57  21:47  SCV  
  56  21:58  SCV  
  57  22:06  SCV  
  53  22:10  SCV  
  53  22:12  Refinery  
  53  22:14  Refinery  
  54  22:18  SCV, Viking  
  54  22:22  SCV, Factory  
  58  22:27  Barracks  
  57  22:30  SCV  
  57  22:34  SCV, Factory Tech Lab  
  50  22:57  Supply Depot  
  50  23:04  Sensor Tower  
  46  23:19  SCV x2  
  48  23:21  Supply Depot  
  48  23:27  Supply Depot  
  48  23:31  SCV x2  
  48  23:32  Supply Depot  
  50  23:37  Supply Depot  
  50  23:44  Supply Depot  
  50  23:45  Orbital Command  
  50  23:47  Planetary Fortress  
  50  23:50  Supply Depot  
  50  23:55  Supply Depot  
  50  23:58  Siege Tank  
  50  24:00  Supply Depot  
  53  24:06  Supply Depot  
  53  24:07  Barracks Reactor  
  53  24:09  Barracks Reactor  
  52  24:13  Supply Depot  
  52  24:16  Bunker  
  51  24:17  Supply Depot  
  48  24:25  SCV  
  48  24:30  Siege Tank, Supply Depot  
  51  24:36  Supply Depot  
  51  24:37  SCV  
  50  24:49  Engineering Bay, SCV  
  50  24:51  Starport  
  51  24:53  Marine x4  
  51  24:59  Supply Depot  
  55  25:01  SCV  
  59  25:10  Marine x2  
  59  25:11  Marine  
  59  25:13  SCV  
  49  25:16  Engineering Bay  
  42  25:22  Supply Depot  
  42  25:27  Barracks  
  37  25:45  Supply Depot  
  34  26:15  Bunker, Barracks  
  34  26:22  Refinery  
  34  26:28  SCV  
  35  26:39  Factory  
  35  26:40  SCV  
  35  26:45  Bunker  
  36  26:52  SCV  
  37  26:54  Marine  
  38  27:04  Barracks  
  38  27:05  SCV, Barracks, Marine  
  40  27:12  Marine  
  40  27:14  Barracks  
  40  27:15  Bunker  
  41  27:17  SCV  
  42  27:23  Marine  
  42  27:29  SCV  
  44  27:30  Marine  
  44  27:32  SCV  
  46  27:40  Marine  
  46  27:41  SCV  
  48  27:45  SCV, Bunker  
  48  27:48  Marine  
  50  27:53  SCV, Barracks  
  50  27:57  SCV  
  52  27:58  Marine  
  52  28:05  SCV  
  54  28:06  Marine  
  54  28:09  Barracks  
  55  28:16  Marine  
  55  28:17  SCV  
  56  28:20  Engineering Bay  
  56  28:23  Marine  
  56  28:29  SCV  
  56  28:30  Marine x3  
  56  28:34  Marine  
  54  28:41  Marine  
  54  28:48  Marine x3  
  47  28:52  Marine  
  32  29:06  Marine x2  
Show
View Real Time Build Order
Export as new Build Order

fortes Zerg - Winner!

Build Orders: Pool First 

Get SALT Encoding   

  12  0:20  Spawning Pool  
  11  0:23  Drone  
  12  0:36  Drone  
  12  0:37  Drone  
  14  0:52  Overlord  
  14  1:10  Queen  
  16  1:11  Zergling x2  
  16  1:12  Zergling x4  
  19  1:30  Zergling x2  
  20  1:39  Drone  
  21  1:48  Drone  
  22  2:04  Overlord  
  22  2:11  Hatchery  
  21  2:20  Drone  
  21  2:22  Queen  
  24  2:23  Drone x4  
  28  2:41  Drone x2  
  30  2:47  Extractor  
  30  2:48  Extractor  
  28  2:58  Drone  
  29  3:11  Drone  
  30  3:22  Drone  
  30  3:25  Drone x2  
  33  3:34  Drone x3  
  36  3:58  Spore Crawler  
  36  4:01  Spine Crawler, Drone  
  36  4:02  Drone  
  36  4:03  Overlord  
  36  4:06  Overlord  
  36  4:23  Drone x8  
  36  4:24  Spine Crawler  
  43  4:27  Drone x2  
  43  4:28  Drone  
  46  4:41  Drone  
  46  4:42  Drone x4  
  51  4:55  Drone  
  51  4:57  Evolution Chamber, Overlord x2  
  51  4:59  Roach Warren  
  50  5:05  Spore Crawler  
  49  5:13  Queen  
  51  5:33  Lair  
  51  5:39  Roach x8  
  51  5:41  Overlord x2  
  67  5:54  Spore Crawler  
  66  5:58  Spore Crawler  
  66  5:59  Roach x5  
  66  6:00  Spine Crawler, Roach  
  76  6:11  Extractor  
  75  6:13  Drone x2  
  75  6:14  Extractor  
  76  6:21  Roach  
  76  6:22  Roach x2  
  82  6:34  Roach  
  82  6:36  Glial Reconstitution  
  82  6:37  Hatchery  
  82  6:38  Zerg Missile Weapons Level 1  
  83  6:45  Hydralisk Den  
  82  6:48  Roach  
  82  6:50  Overlord x4  
  72  7:29  Roach x9  
  70  7:46  Roach x2  
  72  7:59  Roach x2  
  68  8:42  Roach x6  
  82  8:55  Roach  
  82  8:56  Roach  
  84  9:06  Roach x5  
  94  9:15  Ravager  
  96  9:17  Ravager  
  60  9:46  Roach  
  60  9:47  Roach x8  
  68  10:06  Queen  
  58  10:48  Roach x12  
  82  11:11  Roach x9  
  100  11:18  Spine Crawler, Hatchery  
  98  11:24  Roach  
  98  11:25  Roach x4  
  106  11:46  Roach x8  
  98  12:16  Roach x12  
  98  12:17  Roach  
  116  12:28  Roach x5  
  122  12:30  Overlord  
  118  12:45  Roach x5  
  118  12:48  Overlord x2  
  128  12:52  Drone x6  
  134  13:10  Extractor  
  134  13:11  Roach  
  134  13:12  Roach x6  
  147  13:13  Extractor  
  146  13:22  Roach x3  
  146  13:24  Overlord x2  
  152  13:38  Overlord  
  152  13:39  Overlord  
  152  13:43  Spore Crawler  
  152  13:45  Roach x3  
  152  13:46  Spine Crawler, Roach x5, Queen  
  168  13:49  Overseer  
  168  14:02  Zerg Missile Weapons Level 2  
  168  14:05  Tunneling Claws  
  168  14:11  Ravager  
  169  14:17  Ravager  
  170  14:28  Roach x2  
  170  14:29  Roach x3  
  180  14:40  Extractor, Drone x2  
  180  14:41  Extractor, Drone  
  181  14:51  Roach  
  181  14:52  Overlord x3  
  111  15:33  Roach x12  
  111  15:34  Roach x2  
  139  15:45  Roach x2  
  139  15:47  Zergling x2  
  94  16:08  Roach x4  
  86  16:15  Roach  
  88  16:18  Zerg Ground Armor Level 1  
  88  16:19  Drone x2  
  88  16:23  Drone  
  91  16:39  Overseer  
  91  16:43  Drone  
  91  16:44  Drone x5  
  97  17:03  Hatchery  
  96  17:10  Drone x5  
  101  17:17  Drone x2  
  101  17:18  Hydralisk  
  105  17:34  Hydralisk x2  
  105  17:35  Hydralisk x3  
  115  17:41  Grooved Spines  
  115  17:55  Hydralisk x4  
  123  18:13  Hydralisk  
  123  18:14  Hydralisk x4  
  133  18:21  Drone  
  133  18:25  Queen  
  136  18:31  Hydralisk x3  
  142  18:46  Roach x8  
  158  18:53  Muscular Augments  
  158  19:11  Hydralisk  
  158  19:12  Hydralisk x9  
  178  19:22  Spire  
  177  19:30  Infestation Pit  
  176  19:46  Hydralisk x9  
  194  20:04  Roach x3  
  145  21:03  Roach x13  
  127  21:39  Roach x7  
  141  21:52  Extractor  
  140  21:54  Extractor  
  140  21:59  Ravager  
  140  22:07  Zergling x6  
  140  22:08  Zergling x60  
  164  22:09  Zergling x24  
  185  22:23  Roach x5  
  145  23:03  Roach x8  
  97  23:25  Roach  
  97  23:26  Roach x3  
  91  23:47  Zergling x2  
  91  23:48  Zergling x28  
  106  23:52  Zerg Ground Armor Level 2  
  106  24:18  Hydralisk x7  
  106  24:20  Roach  
  106  24:21  Zergling x8  
  126  24:25  Ravager  
  127  24:33  Zergling x2  
  127  24:34  Zergling x22  
  139  25:16  Roach  
  139  25:17  Roach x21  
  165  25:42  Roach x15  
  195  25:53  Roach  
  195  25:56  Overlord x3  
  195  25:57  Overlord  
  134  26:34  Zergling x2  
  134  26:35  Zergling x42  
  128  26:46  Ravager  
  129  26:48  Zergling x2  
  129  26:49  Zergling x8  
  134  27:05  Hydralisk  
  134  27:06  Hydralisk x9  
  146  27:25  Hatchery  
  143  27:38  Roach  
  143  27:39  Roach x25  
  195  28:02  Roach x2  
  164  28:51  Roach x12  
  164  28:52  Roach x6  
  198  29:08  Roach  
  198  29:09  Zergling x2  
Show
View Real Time Build Order
Export as new Build Order

DarkTemplar Protoss 

Build Orders: Colossus Rush 

Get SALT Encoding   

  12  0:01  Probe  
  13  0:13  Probe  
  14  0:20  Pylon  
  14  0:25  Probe  
  15  0:38  Probe  
  15  0:42  Gateway  
  16  0:51  Probe  
  17  0:59  Pylon  
  17  1:18  Gateway  
  17  1:20  Probe  
  18  1:33  Cybernetics Core  
  18  1:39  Assimilator  
  18  1:42  Probe  
  18  1:45  Assimilator  
  19  1:57  Probe  
  20  2:06  Probe  
  20  2:14  Probe  
  20  2:15  Warp Gate  
  22  2:26  Probe  
  23  2:41  Pylon  
  23  2:45  Robotics Facility  
  23  2:48  Probe  
  23  2:49  Zealot  
  26  3:03  Pylon  
  26  3:04  Probe  
  27  3:06  Stalker  
  29  3:21  Forge  
  29  3:33  Observer  
  30  3:39  Probe  
  31  3:58  Shield Battery  
  31  3:59  Protoss Ground Weapons Level 1  
  31  4:05  Robotics Bay  
  31  4:07  Pylon  
  31  4:28  Stalker  
  31  4:30  Stalker  
  35  4:33  Probe  
  36  4:40  Shield Battery  
  36  4:44  Photon Cannon  
  36  4:48  Colossus  
  42  5:16  Nexus  
  42  5:17  Pylon  
  42  5:19  Probe  
  43  5:31  Probe  
  43  5:32  Gateway  
  43  5:34  Gateway  
  44  5:36  Pylon  
  44  5:37  Zealot  
  46  5:49  Gateway  
  46  5:53  Gateway  
  46  5:54  Probe  
  47  6:06  Probe, Zealot  
  47  6:11  Protoss Ground Armor Level 1  
  50  6:14  Observer  
  51  6:19  Probe  
  51  6:20  Extended Thermal Lance  
  52  6:25  Pylon  
  52  6:28  Pylon  
  52  6:36  Probe  
  52  6:37  Probe  
  54  6:48  Probe  
  54  6:49  Probe  
  54  6:52  Assimilator  
  56  6:59  Assimilator  
  56  7:04  Pylon  
  56  7:11  Zealot  
  56  7:12  Zealot x2  
  56  7:13  Zealot x2  
  66  7:16  Colossus  
  56  7:33  Stalker  
  52  7:38  Zealot  
  52  7:39  Zealot  
  52  7:44  Probe x2  
  50  7:57  Zealot x2  
  50  7:58  Zealot  
  43  8:21  Zealot x2  
  43  8:22  Zealot  
  41  8:32  Colossus  
  43  9:00  Stargate  
  43  9:03  Stargate  
  43  9:36  Zealot x3  
  49  9:42  Colossus  
  44  10:41  Void Ray x2  
  50  11:28  Nexus  
  37  12:23  Probe  
  28  12:35  Probe  
Tags
 
Add a new tag
Caveats
  • Supply blocks, unpowered buildings, or Contaminate may cause inaccurate times.
  • Supply counts are checked every 10 seconds.